AoeStats
← ElMirteitor4000

Nomad

510855382Analyzed
2v2 RM · 5h ago on Oct 2, 2026· 38m 10s· 4 players
Game mode
Random Map
Map size
176×176
Population
200
Speed
Normal
Resources
Standard
Victory
Conquest
Starting age
Dark Age
Ending age
Imperial Age
RankedLock teamsTeams togetherTeam positionsShared explorationLock speedFull tech treeHidden civsTurbo modeCheats
Victory
Defeat
🇦🇷 Magyars · Argentina
941
+13
🇦🇷 Malians · Argentina
904
+13
🇭🇷 Huns · Croatia
864
-13
🇭🇷 Georgians · Croatia
864
-13
B-Matt
15:32 Feudal Age
15:57 Double-Bit Axe
16:37 Fishing Lines
21:58 Castle Age
22:55 Scale Barding Armor
23:01 Forging
23:31 Bloodlines
26:21 Pikeman
28:04 Wheelbarrow
33:04 Bow Saw
Hitman
15:48 Feudal Age
18:46 Forging
19:32 Man-at-Arms
24:31 Bloodlines
30:15 Castle Age
31:11 Husbandry
31:11 Pikeman
33:59 Wheelbarrow
35:52 Double-Bit Axe
37:37 Squires
ElMirteitor4000
8:04 Loom
15:17 Feudal Age
19:33 Wheelbarrow
21:49 Bloodlines
23:48 Castle Age
23:09 Bloodlines
24:32 Husbandry
23:54 Light Cavalry
27:51 Horse Collar
33:44 Hand Cart
34:00 Thumb Ring
34:47 Double-Bit Axe
36:09 Town Watch
36:51 Bow Saw
38:47 Ballistics
41:11 Imperial Age
El Bicho
5:21 Loom
15:00 Feudal Age
16:38 Man-at-Arms
17:17 Fletching
17:38 Forging
17:25 Gold Mining
20:07 Horse Collar
20:18 Double-Bit Axe
24:56 Castle Age
25:49 Crossbowman
26:34 Thumb Ring
29:16 Bodkin Arrow
29:21 Padded Archer Armor
32:39 Gold Shaft Mining
31:57 Stone Mining
32:19 Bow Saw
Connection lost

Rejoining the realm…

Still unreachable

The connection could not be restored.

Session expired

The server has moved on; the page needs a fresh start.